 Dungeon Crawl Stone Soup version 0.21.0 (webtiles) character file.

130 theswoord the Skirmisher (level 5, -4/34 HPs)
             Began as a Gargoyle Abyssal Knight on Jan 7, 2018.
             Was a Believer of Lugonu.
             Slain by a worker ant (5 damage)
             ... on level 4 of the Dungeon.
             The game lasted 00:04:36 (1265 turns).

theswoord the Skirmisher (Gargoyle Abyssal Knight)  Turns: 1265, Time: 00:04:36

Health: -4/34      AC: 12    Str: 16    XL:     5   Next: 13%
Magic:  6/6        EV:  9    Int: 12    God:    Lugonu [**....]
Gold:   189        SH:  0    Dex: 10    Spells: 4/4 levels left

rFire    . . .     SeeInvis .   l - +0 whip
rCold    . . .     Gourm    .   (no shield)
rNeg     + . .     Faith    .   f - +1 scale mail
rPois    ∞         Spirit   .   (no helmet)
rElec    +         Reflect  .   q - +0 cloak
rCorr    .         Harm     .   (no gloves)
MR       .....                  (no boots)
Stlth    ..........             (no amulet)
HPRegen  0.11/turn              (no ring)
MPRegen  0.10/turn              (no ring)

@: no status effects
A: negative energy resistance 1, electricity resistance, unbreathing,
petrification resistance, rot immunity, AC +4
a: Depart the Abyss, Bend Space, Renounce Religion


You were on level 4 of the Dungeon.
You worshipped Lugonu.
Lugonu was pleased with you.
You were hungry.

You visited 1 branch of the dungeon, and saw 4 of its levels.
You visited the Abyss 1 time.

You collected 189 gold pieces.

Inventory:

Hand Weapons
 a - a +1 mace
 l - a +0 whip (weapon)
Armour
 b - a +0 leather armour
 f - a +1 scale mail (worn)
 q - a +0 cloak (worn)
Scrolls
 d - 2 scrolls of teleportation
 e - a scroll of blinking
 j - a scroll of fear
 n - a scroll of identify
 o - a scroll of remove curse
 p - a scroll of amnesia {unknown}
Potions
 h - a potion of flight {unknown}
 k - a potion of brilliance
 m - a potion of haste {unknown}
Comestibles
 c - 8 rations
 g - 3 chunks of flesh


   Skills:
 + Level 4.8 Fighting
 * Level 4.0 Maces & Flails
 - Level 2.1 Armour
 - Level 0.7 Dodging
 - Level 2.0 Invocations


You had 4 spell levels left.
You didn't know any spells.

Dungeon Overview and Level Annotations

Branches:
Dungeon (4/15)
 Temple: D:4-7

Altars:
Gozag

Annotations:
D:4 kegs's ghost, amateur HOFi


Innate Abilities, Weirdness & Mutations

You are resistant to torment.
Your stone body is resilient. (AC +4)
You are immune to poison.
You resist negative energy. (rN+)
You are resistant to electric shocks. (rElec)
You can survive without breathing.
You are immune to petrification.
You are immune to rotting.


Message History

You hit the worker ant but do no damage.
The worker ant bites you but does no damage.
You hit the worker ant but do no damage.
The worker ant bites you but does no damage.
You hit the worker ant. The worker ant barely misses you.
You hit the worker ant. The worker ant bites you.
* * * LOW HITPOINT WARNING * * *
You are feeling hungry.
You hit the worker ant but do no damage.
The worker ant closely misses you.
You hit the worker ant. The worker ant closely misses you.
You closely miss the worker ant.
The worker ant bites you but does no damage.
Your scale mail prevents you from hitting the worker ant.
The worker ant barely misses you.
You closely miss the worker ant.
The worker ant bites you but does no damage.
You closely miss the worker ant. The worker ant barely misses you.
You closely miss the worker ant. The worker ant bites you.
You die...

#######.##.
#..@aW.....
......#####.###
#####


You could see a worker ant and kegs's ghost.

Vanquished Creatures
  A howler monkey (D:4)
  3 adders (D:2)
  4 dart slugs
  2 leopard geckos (D:1)
  3 orcs
  2 giant cockroaches
  5 goblins (D:1)
  12 hobgoblins
  4 jackals (D:1)
  4 kobolds
  A ball python (D:1)
  2 bats (D:1)
  4 frilled lizards
  5 rats
52 creatures vanquished.

Notes
Turn   | Place    | Note
-------+----------+-------------------------------------------
     0 | Abyss:1  | theswoord the Gargoyle Abyssal Knight began the quest for the Orb.
     0 | Abyss:1  | Reached XP level 1. HP: 14/14 MP: 2/2
    25 | D:1      | Escaped the Abyss
   110 | D:1      | Reached XP level 2. HP: 19/19 MP: 3/3
   268 | D:1      | Reached ** piety under Lugonu
   286 | D:1      | Reached XP level 3. HP: 20/24 MP: 4/4
   775 | D:2      | Reached XP level 4. HP: 27/30 MP: 5/5
  1067 | D:2      | Found an opulent altar of Gozag.
  1236 | D:4      | Noticed kegs's ghost (amateur HOFi)
  1248 | D:4      | Reached XP level 5. HP: 4/34 MP: 6/6
  1258 | D:4      | HP: 1/34 [worker ant (5)]
  1265 | D:4      | Slain by a worker ant

Skill      XL: |  1  2  3  4 |
---------------+-------------+-----
Fighting       | 4 |  4.8
Maces & Flails | 3 4 |  4.0
Armour         | |  2.1
Dodging        | |  0.7
Invocations    | |  2.0

Action                   |  1- 3 |  4- 6 || total
-------------------------+-------+-------++-------
Melee: Mace              |    91 |     1 ||    92
       Whip              |       |   108 ||   108
  Use: Scroll            |     5 |     4 ||     9
       Potion            |       |     2 ||     2
  Eat: Chunk             |       |     1 ||     1
Armor: Leather armour    |     2 |       ||     2
       Scale mail        |    73 |    52 ||   125
Dodge: Dodged            |    76 |    59 ||   135

Vault maps used:
D:1:      lightli_arrival_statuegarden, minmay_pentomino_p4
D:2:      nicolae_gozag_cash_rules_everything_around_me
D:3:      first_ration
D:4:      serial_shops, nicolae_shop_behind_doors, grunt_ministairs_2,
          kennysheep_generic_room_9, uniq_natasha, uniq_pikel
